Map: Ruins of Seras

Players

ShoWTimE - Winner!

  • Race: Protoss Protoss
  • League: Master

Guru

  • Race: Zerg Zerg
  • League: Diamond

Event: Homestory Cup XII

VOD

Have the link to the VOD?

Description

Time

  • Played on: Dec. 17, 2015, 12:08 p.m.
  • Length: 10:50

All games in this series

Show
View Real Time Build Order
Export as new Build Order

ShoWTimE Protoss - Winner!

Build Orders: Nexus First 

Get SALT Encoding   

  12  0:01  Probe (Chrono Boost)  
  13  0:11  Probe (Chrono Boost)  
  14  0:18  Pylon  
  14  0:22  Probe (Chrono Boost)  
  15  0:36  Probe (Chrono Boost)  
  16  0:47  Probe (Chrono Boost)  
  17  1:02  Nexus  
  17  1:12  Gateway  
  17  1:15  Probe (Chrono Boost)  
  18  1:20  Assimilator  
  19  1:25  Probe (Chrono Boost)  
  19  1:29  Assimilator  
  19  1:36  Probe (Chrono Boost)  
  20  1:40  Pylon  
  20  1:46  Probe (Chrono Boost)  
  21  1:57  Probe (Chrono Boost)  
  21  1:59  Cybernetics Core  
  22  2:07  Probe (Chrono Boost)  
  23  2:10  Zealot  
  23  2:14  Probe (Chrono Boost)  
  26  2:18  Probe (Chrono Boost)  
  27  2:25  Probe (Chrono Boost)  
  27  2:29  Probe (Chrono Boost)  
  29  2:35  Mothership Core (Chrono Boost)  
  31  2:38  Adept (Chrono Boost)  
  31  2:41  Probe (Chrono Boost)  
  31  2:43  Warp Gate  
  34  2:52  Probe, Pylon  
  34  2:53  Probe  
  36  3:04  Probe  
  37  3:05  Probe  
  37  3:07  Robotics Facility  
  37  3:14  Adept (Chrono Boost)  
  37  3:16  Probe  
  37  3:17  Probe  
  41  3:20  Pylon  
  41  3:27  Probe  
  41  3:29  Probe  
  43  3:37  Probe  
  43  3:38  Adept (Chrono Boost)  
  43  3:41  Probe  
  47  3:48  Probe, Pylon  
  47  3:53  Probe  
  49  3:57  Robotics Bay  
  49  3:58  Probe  
  49  4:00  Warp Prism (Chrono Boost)  
  52  4:05  Probe  
  52  4:09  Probe  
  53  4:13  Assimilator  
  53  4:16  Assimilator  
  54  4:17  Probe  
  54  4:19  Probe, Pylon  
  56  4:29  Probe  
  56  4:30  Probe  
  57  4:32  Gateway  
  57  4:33  Gateway  
  58  4:39  Forge  
  58  4:47  Disruptor (Chrono Boost)  
  61  4:53  Probe  
  61  4:54  Gravitic Drive  
  61  4:57  Probe  
  63  5:02  Twilight Council  
  63  5:04  Protoss Ground Weapons Level 1 (Chrono Boost)  
  63  5:05  Adept  
  65  5:16  Disruptor  
  68  5:21  Nexus  
  68  5:22  Pylon  
  68  5:24  Probe  
  68  5:25  Probe, Pylon  
  70  5:33  Gateway  
  70  5:37  Gateway  
  70  5:40  Probe x2  
  72  5:43  Blink (Chrono Boost)  
  72  5:47  Gateway  
  72  5:53  Observer  
  72  5:54  Gateway  
  73  5:59  Gateway  
  73  6:04  Adept  
  73  6:05  Probe x2  
  73  6:11  Photon Cannon  
  76  6:18  Probe  
  75  6:27  Stalker x2  
  75  6:30  Probe  
  80  6:43  Stalker  
  80  6:44  Stalker x2  
  86  6:57  Stalker x2  
  90  7:03  Pylon  
  90  7:05  Stalker x3  
  90  7:08  Stalker x2  
  100  7:14  Pylon  
  100  7:23  Stalker x2  
  100  7:24  Stalker  
  100  7:27  Pylon  
  100  7:28  Stalker  
  104  7:46  Stalker x5  
  113  7:53  Stalker  
  113  7:54  Stalker  
  113  7:55  Stalker  
  113  7:57  Pylon  
  119  7:58  Probe  
  119  7:59  Probe  
  119  8:00  Pylon  
  121  8:16  Stalker x2  
  121  8:17  Stalker x2  
  129  8:26  Adept x3  
  133  8:34  Adept  
  131  8:51  Pylon  
  131  8:53  Pylon  
  131  8:54  Pylon  
  131  9:04  Pylon  
  129  9:14  Adept x4  
  129  9:15  Adept x3  
  131  9:37  Stalker x5  
  133  9:43  Stalker x2  
  137  9:46  Stalker  
  137  9:51  Pylon  
  129  10:25  Stalker x4  
  129  10:26  Stalker x4  
Show
View Real Time Build Order
Export as new Build Order

Guru Zerg 

Build Orders: Hatch First 

Get SALT Encoding   

  12  0:01  Drone  
  13  0:12  Overlord  
  13  0:18  Drone  
  14  0:30  Drone x2  
  14  0:35  Drone  
  17  0:52  Hatchery  
  17  0:56  Drone  
  17  1:10  Spawning Pool  
  16  1:12  Extractor  
  16  1:14  Drone  
  16  1:18  Drone  
  17  1:22  Drone  
  18  1:28  Drone  
  19  1:40  Overlord  
  19  1:57  Queen  
  19  1:58  Zergling x2  
  22  2:01  Drone  
  22  2:04  Queen  
  22  2:05  Drone  
  26  2:13  Metabolic Boost  
  26  2:15  Drone  
  27  2:17  Drone  
  28  2:24  Drone  
  28  2:26  Drone  
  30  2:32  Drone  
  31  2:39  Drone  
  32  2:45  Overlord  
  32  2:49  Drone  
  33  2:55  Drone  
  34  3:01  Drone  
  34  3:04  Queen  
  38  3:05  Drone x2  
  38  3:09  Hatchery  
  38  3:11  Drone x2  
  40  3:13  Drone x2  
  40  3:14  Drone  
  40  3:15  Drone  
  44  3:20  Overlord  
  44  3:27  Evolution Chamber  
  44  3:28  Zergling x2  
  44  3:31  Overlord  
  44  3:35  Overlord  
  44  3:40  Zergling x2  
  45  3:44  Zergling x2  
  45  3:45  Drone x3  
  45  3:46  Drone x2  
  45  3:47  Drone  
  52  3:54  Drone  
  53  3:56  Drone  
  53  3:58  Roach Warren  
  53  4:05  Overlord  
  53  4:09  Drone  
  53  4:14  Roach Warren  
  53  4:15  Drone x2  
  53  4:16  Drone  
  53  4:17  Drone x2  
  57  4:20  Zergling x6  
  57  4:22  Zergling x2  
  61  4:26  Zerg Melee Weapons Level 1  
  61  4:30  Zergling x2  
  62  4:33  Zergling x4  
  64  4:41  Drone  
  64  4:45  Overlord  
  64  4:47  Drone  
  64  4:48  Drone x2  
  64  4:49  Roach  
  64  4:51  Hatchery  
  67  4:53  Roach x2  
  67  4:57  Zergling x4  
  71  5:01  Roach  
  71  5:02  Drone  
  71  5:04  Drone x2  
  71  5:07  Overlord, Extractor x2  
  74  5:08  Queen  
  74  5:10  Zergling x2  
  74  5:11  Zergling x4  
  76  5:17  Drone x3  
  76  5:18  Drone  
  76  5:20  Zergling x4  
  82  5:25  Drone x3  
  82  5:28  Overlord  
  85  5:29  Zergling x2  
  85  5:32  Drone  
  85  5:33  Spore Crawler  
  85  5:34  Queen  
  88  5:36  Lair  
  88  5:37  Drone x3  
  88  5:40  Zergling x2  
  92  5:44  Zergling x4  
  94  5:53  Overlord  
  90  6:04  Zergling x10  
  90  6:05  Zergling x10  
  90  6:07  Drone  
  90  6:09  Zergling x4  
  90  6:10  Hatchery  
  102  6:14  Overlord  
  101  6:20  Overlord  
  101  6:21  Roach x2  
  101  6:22  Roach x5  
  101  6:23  Zergling x2  
  101  6:25  Roach  
  116  6:31  Drone  
  116  6:32  Extractor  
  115  6:34  Drone  
  115  6:35  Evolution Chamber, Drone x2  
  115  6:37  Drone  
  115  6:38  Drone x2, Glial Reconstitution  
  111  6:42  Infestation Pit  
  111  6:44  Drone, Zerg Melee Weapons Level 2  
  111  6:45  Drone x2  
  113  6:49  Drone  
  113  6:50  Drone  
  115  6:58  Drone x3  
  115  6:59  Drone x2  
  115  7:00  Drone  
  119  7:02  Drone x2  
  119  7:07  Drone x3  
  124  7:10  Zerg Ground Armor Level 1  
  124  7:14  Hatchery  
  119  7:22  Drone  
  119  7:23  Drone x6  
  119  7:25  Hive  
  119  7:29  Infestor  
  125  7:31  Zergling x12  
  129  7:44  Zergling x18  
  129  7:49  Zergling x2  
  129  7:50  Zergling x10  
  139  7:56  Drone x2  
  139  7:57  Drone  
  121  7:59  Roach  
  121  8:00  Roach x2  
  121  8:01  Roach  
  117  8:07  Roach  
  117  8:09  Roach x4  
  117  8:10  Roach  
  117  8:11  Overlord  
  129  8:18  Overlord  
  129  8:19  Overlord x2  
  129  8:20  Zergling x2  
  129  8:23  Zergling x2  
  125  8:29  Roach x3  
  125  8:33  Roach  
  122  8:37  Roach x7  
  122  8:39  Roach x2  
  131  8:43  Roach x3  
  131  8:44  Roach x4  
  131  8:45  Zergling x2  
  131  8:47  Roach  
  146  8:49  Overlord  
  146  8:54  Overlord x2  
  146  8:56  Overlord  
  146  9:00  Overlord  
  143  9:07  Zergling x6  
  143  9:08  Overlord  
  139  9:10  Zergling x4  
  132  9:31  Zergling x18  
  123  9:32  Zergling x2  
  123  9:35  Zergling x4  
  123  9:37  Zergling x4  
  112  9:46  Ravager x8  
  112  9:48  Zergling x6  
  116  10:11  Viper  
  116  10:12  Zergling x4  
  117  10:15  Hatchery  
  106  10:23  Zergling x14  
  106  10:26  Zergling x2  
Tags
 
Add a new tag
Caveats
  • Supply blocks, unpowered buildings, or Contaminate may cause inaccurate times.
  • Supply counts are checked every 10 seconds.